[Event "55th Biel Festival GMT Blitz 2022"]
[Site "Biel"]
[Date "2022.07.17"]
[Round "1.1"]
[White "Le, Quang Liem"]
[Black "Naiditsch, Arkadij"]
[Result "1-0"]
[ECO "E90"]
[WhiteElo "2722"]
[BlackElo "2664"]
[Annotator "ChessBase"]
[PlyCount "115"]
[EventDate "2022.07.11"]
[EventType "tourn"]
[EventCountry "SUI"]
[SourceTitle "playchess.com"]
[Source "ChessBase"]
[SourceQuality "1"]
[TimeControl "180+2"]

1. c4 Nf6 2. Nc3 g6 3. e4 d6 4. d4 Bg7 5. Nf3 O-O 6. h3 Na6 7. Be3 c6 8. Rc1 Nc7 9. Be2 b5 10. cxb5 Nxb5 11. Nd2 Nxc3 12. bxc3 Rb8 13. O-O Qa5 14. Qc2 Ba6 15. c4 Nd7 16. Rb1 c5 17. d5 Rxb1 18. Rxb1 Rb8 19. Rxb8+ Nxb8 20. Nb3 Qc3 21. Qb1 Nd7 22. Bd2 Qb2 23. Qxb2 Bxb2 24. Na5 Nb6 25. Kf1 Kf8 26. Ke1 h5 27. Kd1 Bc8 28. Nc6 a6 29. Kc2 Bf6 30. f4 h4 31. e5 Bf5+ 32. Bd3 Bg7 33. Bxf5 gxf5 34. Kb3 Bh6 35. Ba5 Nc8 36. exd6 exd6 37. Bd8 Bxf4 38. Ka4 Bd2 39. Bxh4 Nb6+ 40. Kb3 Ke8 41. Bf6 Be1 42. h4 Nd7 43. Be7 Bg3 44. h5 f6 45. h6 Kf7 46. Bd8 Bf4 47. Ka4 Bxh6 48. Ka5 Ne5 49. Nxe5+ fxe5 50. Kxa6 Bd2 51. Bc7 Ke7 52. Kb6 e4 53. Kc6 Bf4 54. Ba5 Bg3 55. Bd2 f4 56. a4 e3 57. Bc3 e2 58. a5 1-0

[Event "55th Biel Festival GMT Blitz 2022"]
[Site "Biel"]
[Date "2022.07.17"]
[Round "10.2"]
[White "Le, Quang Liem"]
[Black "Keymer, Vincent"]
[Result "0-1"]
[ECO "E21"]
[WhiteElo "2722"]
[BlackElo "2686"]
[Annotator "ChessBase"]
[PlyCount "113"]
[EventDate "2022.07.11"]
[EventType "tourn"]
[EventCountry "SUI"]
[SourceTitle "playchess.com"]
[Source "ChessBase"]
[SourceQuality "1"]
[TimeControl "180+2"]

1. d4 Nf6 2. c4 e6 3. Nc3 Bb4 4. Nf3 d6 5. Bd2 O-O 6. a3 Bxc3 7. Bxc3 Ne4 8. Qc2 Nxc3 9. Qxc3 b6 10. g3 Bb7 11. Bg2 Nd7 12. O-O Nf6 13. Rfe1 Qe7 14. Rad1 h6 15. Nh4 Bxg2 16. Nxg2 c5 17. e4 cxd4 18. Qxd4 Rfd8 19. Rd2 Rac8 20. a4 Qb7 21. b3 a6 22. Qd3 Rd7 23. f3 b5 24. cxb5 axb5 25. Qxb5 Qxb5 26. axb5 Rb8 27. Red1 Ne8 28. Nf4 Rxb5 29. Nd3 Rc7 30. b4 Nf6 31. Kf2 g5 32. h3 d5 33. e5 Nd7 34. Ra1 Rc3 35. Ke2 Nb8 36. Rb2 Nc6 37. Kd2 Rc4 38. Rc1 Kg7 39. f4 Kg6 40. Rf1 Kg7 41. Rc1 Kg6 42. Rf1 Nd4 43. Rc1 Nf5 44. g4 Nd4 45. fxg5 hxg5 46. Rxc4 dxc4 47. Nc5 Nf3+ 48. Kc3 Nxe5 49. Re2 Nc6 50. Nxe6 Rxb4 51. Nd8 Rb3+ 52. Kxc4 Na5+ 53. Kc5 Rxh3 54. Rb2 Rd3 55. Rb8 Rxd8 56. Rb5 Ra8 57. Kd4 0-1

[Event "55th Biel Festival GMT Blitz 2022"]
[Site "Biel"]
[Date "2022.07.17"]
[Round "12.4"]
[White "Kamsky, Gata"]
[Black "Gukesh D"]
[Result "1-0"]
[ECO "D02"]
[WhiteElo "2655"]
[BlackElo "2684"]
[Annotator "ChessBase"]
[PlyCount "127"]
[EventDate "2022.07.11"]
[EventType "tourn"]
[EventCountry "SUI"]
[SourceTitle "playchess.com"]
[Source "ChessBase"]
[SourceQuality "1"]
[TimeControl "180+2"]

1. d4 Nf6 2. Bf4 d5 3. e3 Bg4 4. Nf3 e6 5. Nbd2 Bd6 6. Bxd6 Qxd6 7. c4 O-O 8. Be2 c5 9. dxc5 Qxc5 10. Rc1 dxc4 11. Nxc4 Nc6 12. O-O Rfd8 13. Qb3 Qe7 14. h3 Bh5 15. Rfd1 Nd5 16. g4 Bg6 17. Nce5 Nxe5 18. Nxe5 Rac8 19. Nxg6 hxg6 20. Bf3 Nb6 21. Kg2 g5 22. Qb5 Rxc1 23. Rxc1 Rd2 24. Qa5 Rxb2 25. Qxa7 Qf6 26. Qxb7 Nd5 27. Qc8+ Kh7 28. Rc2 Ne7 29. Qc4 Rb8 30. Be4+ Ng6 31. a4 Kh6 32. Bxg6 Qxg6 33. a5 Qf6 34. a6 Qa1 35. Ra2 Qd1 36. Qd4 Qc1 37. Ra1 Qc6+ 38. Kg1 Ra8 39. a7 f6 40. e4 Qb7 41. e5 fxe5 42. Qxe5 Rxa7 43. Qxe6+ Kh7 44. Qf5+ Kh6 45. Rb1 Qc6 46. Re1 Ra6 47. h4 Qf6 48. hxg5+ Qxg5 49. Re6+ Rxe6 50. Qxe6+ Kh7 51. Kg2 Qc1 52. Qf5+ Kh8 53. g5 Qc6+ 54. f3 Qd6 55. g6 Qd2+ 56. Kh3 Qd8 57. Qh5+ Kg8 58. Qh7+ Kf8 59. Qh8+ Ke7 60. Qxg7+ Ke6 61. Qf7+ Ke5 62. g7 Qc8+ 63. Kh4 Qd8+ 64. Kh5 1-0